Map: Orbital Shipyard

Players

KPdftRepear - Winner!

  • Race: Zerg Zerg
  • League: Platinum

LilDicky

  • Race: Terran Terran
  • League: Diamond

VOD

http://www.twitch.tv/tumescentpie

Description

Time

  • Played on: Jan. 3, 2016, 12:41 a.m.
  • Length: 6:09
Show
View Real Time Build Order
Export as new Build Order

KPdftRepear Zerg - Winner!

Build Orders: Hatch First 

Get SALT Encoding   

  12  0:01  Drone  
  13  0:09  Drone  
  14  0:17  Overlord  
  14  0:25  Drone, Extractor  
  15  0:36  Drone x2  
  17  0:53  Hatchery  
  17  0:56  Drone  
  17  1:02  Drone  
  18  1:13  Spawning Pool  
  18  1:16  Extractor  
  18  1:18  Drone  
  17  1:21  Drone  
  18  1:29  Drone  
  19  1:40  Drone  
  20  1:53  Drone  
  21  2:02  Zergling x2  
  21  2:05  Queen  
  21  2:06  Hatchery  
  23  2:10  Drone  
  24  2:17  Drone  
  24  2:19  Overlord  
  25  2:28  Queen  
  27  2:34  Metabolic Boost  
  27  2:38  Drone  
  27  2:41  Drone  
  29  2:44  Drone  
  29  2:46  Zergling x2  
  29  2:50  Drone  
  32  2:53  Drone  
  32  2:58  Extractor  
  32  3:03  Roach Warren  
  31  3:09  Drone  
  31  3:11  Drone x2  
  34  3:18  Queen  
  36  3:22  Drone x2  
  36  3:26  Drone  
  39  3:29  Drone  
  39  3:33  Overlord  
  40  3:42  Drone  
  40  3:43  Drone  
  40  3:44  Overlord  
  42  3:51  Overlord  
  42  3:54  Roach x2  
  46  3:59  Roach  
  48  4:07  Roach  
  48  4:08  Roach x2  
  54  4:16  Roach x3  
  60  4:19  Ravager  
  60  4:21  Roach  
  60  4:22  Ravager  
  64  4:25  Overlord  
  64  4:29  Zergling x4, Extractor  
  65  4:33  Overlord  
  65  4:36  Overlord  
  65  4:41  Ravager  
  66  4:46  Ravager  
  66  4:48  Zergling x8  
  66  4:51  Overlord  
  71  4:57  Zergling x4  
  73  5:02  Zergling x6  
  75  5:17  Ravager x3  
  75  5:19  Overlord, Zergling x2  
  75  5:20  Zergling x6  
  82  5:26  Overlord  
  76  5:48  Zergling x14  
  76  5:49  Zergling x6  
Show
View Real Time Build Order
Export as new Build Order

LilDicky Terran 

Build Orders: Command Center First (CC) 

Get SALT Encoding   

  12  0:01  SCV  
  13  0:13  SCV  
  14  0:18  Supply Depot  
  14  0:29  SCV  
  15  0:59  Command Center  
  15  1:01  SCV  
  16  1:18  SCV  
  17  1:20  Barracks  
  17  1:32  SCV  
  18  1:46  SCV  
  19  1:58  SCV  
  20  2:08  Marine  
  20  2:10  SCV  
  20  2:14  Command Center, Supply Depot  
  22  2:23  SCV x2  
  22  2:26  Marine  
  25  2:35  SCV  
  26  2:37  SCV  
  27  2:44  Marine  
  28  2:58  Orbital Command  
  28  2:59  Orbital Command  
  28  3:02  Refinery, Barracks  
  28  3:03  Refinery  
  28  3:13  Marine  
  28  3:18  Barracks  
  29  3:20  Barracks  
  29  3:25  SCV  
  30  3:28  SCV  
  30  3:31  Orbital Command  
  31  3:37  SCV, Marine  
  31  3:41  SCV  
  34  3:49  SCV  
  34  3:54  SCV  
  36  3:58  Barracks Tech Lab  
  36  4:08  Supply Depot  
  36  4:11  Barracks Reactor  
  36  4:12  Marine  
  36  4:13  Barracks Reactor  
  36  4:14  SCV x2  
  39  4:17  Refinery x2, Marine  
  41  4:33  SCV x2  
  41  4:34  SCV  
  41  4:35  Marine  
  41  4:38  Barracks Tech Lab  
  44  4:42  Barracks x2  
  44  4:45  SCV, Barracks  
  44  4:51  SCV x2  
  47  4:56  Marine x2  
  47  4:57  SCV, Marine x2  
  47  4:58  Marauder x2  
  56  5:03  SCV x2  
  58  5:09  Orbital Command  
  58  5:14  Marine x2  
  58  5:15  Marine x2  
  58  5:19  Bunker  
  58  5:20  Marine x2  
  64  5:22  SCV  
  64  5:23  SCV  
  66  5:28  Barracks Reactor  
  66  5:29  Barracks Reactor  
  66  5:32  Marine x2  
  66  5:33  Marine  
  66  5:34  SCV  
  52  5:51  Marine x2  
Tags
 
Add a new tag
Caveats
  • Supply blocks, unpowered buildings, or Contaminate may cause inaccurate times.
  • Supply counts are checked every 10 seconds.